 Dungeon Crawl Stone Soup version 0.20-a0-647-gf178af5 (webtiles) character file.

22166 Chiseanne the Acrobat (level 12, -6/63 HPs)
             Began as a Spriggan Gladiator on Feb 15, 2017.
             Was an Initiate of Gozag.
             Mangled by a jumping spider (13 damage)
             ... on level 2 of the Lair of Beasts.
             The game lasted 00:49:05 (21427 turns).

Chiseanne the Acrobat (Spriggan Gladiator)         Turns: 21427, Time: 00:49:06

Health: -6/63      AC:  7    Str: 15    XL:     12   Next: 60%
Magic:  13/13      EV: 20    Int:  5    God:    Gozag
Gold:   1252       SH:  0    Dex: 24    Spells: 10/11 levels left

rFire    . . .     SeeInvis +   a - +2 double sword (holy)
rCold    + . .     Gourm    .   P - +2 robe {rC+}
rNeg     . . .     Faith    .   (shield currently unavailable)
rPois    +         Spirit   .   c - +0 hat
rElec    .         Reflect  .   z - +1 cloak {rPois}
rCorr    .         Harm     +   (gloves unavailable)
MR       +++..                  (boots unavailable)
Stlth    ++........             B - amulet "Pittifa" {Harm *Drain +Fly Int-5 Dex+2}
Regen    0.2/turn               x - +3 ring of strength
MPRegen  0.2/turn               r - ring of poison resistance

@: held, very quick
A: unfitting armour, rugged brown scales 1, see invisible, herbivore 3, speed 3,
magic resistance 1, robust 1, slow metabolism 2, strong 1
a: Potion Petition, Call Merchant, Bribe Branch, Renounce Religion, Evoke Flight


You were on level 2 of the Lair of Beasts.
You worshipped Gozag.
Gozag was most pleased with you.
You were not hungry.

You visited 4 branches of the dungeon, and saw 16 of its levels.

You collected 2547 gold pieces.
You paid 1295 gold pieces to Gozag.

Inventory:

Hand Weapons
 a - a +2 double sword of holy wrath (weapon)
 e - the +0 hand crossbow "Ojetir" {penet, MR+ Str+3 Dex+3}
   (You found it on level 8 of the Dungeon)

   Ammo fired by it will pass through the targets it hits, potentially hitting
   all targets in its path until it reaches maximum range.
   It affects your strength (+3).
   It affects your dexterity (+3).
   It affects your resistance to hostile enchantments.
 s - a +4 scimitar of flaming
 w - a +0 blowgun
Missiles
 d - 7 throwing nets (quivered) {!*}
 i - 322 stones
 j - 313 arrows
 o - 5 curare-tipped needles
 y - 80 sling bullets
 J - 65 poisoned needles
 M - 48 bolts
Armour
 c - a +0 hat (worn)
 z - a +1 cloak of poison resistance (worn)
 P - a +2 robe of cold resistance (worn)
Jewellery
 p - an uncursed ring of fire
 r - a ring of poison resistance (left hand)
 x - a +3 ring of strength (right hand)
 B - the amulet "Pittifa" (around neck) {Harm *Drain +Fly Int-5 Dex+2}
   (You found it on level 7 of the Dungeon)

   [amulet of harm]

   It increases damage dealt and taken.
   It affects your intelligence (-5).
   It affects your dexterity (+2).
   It lets you fly.
   It causes draining when unequipped.
 I - an uncursed ring of ice
Wands
 h - a wand of iceblast (11/15)
 q - a wand of digging (11/24)
 F - a wand of clouds (7/9)
 G - a wand of disintegration (0/24)
 H - a wand of enslavement (13/24)
Scrolls
 b - 4 scrolls of identify
 k - 6 scrolls of teleportation
 u - 5 scrolls of immolation
 D - 4 scrolls of remove curse
 L - a scroll of magic mapping
Potions
 l - a potion of flight
 n - 4 potions of brilliance
 t - a potion of magic
 A - 5 potions of curing
 C - a potion of berserk rage
 K - 2 potions of cancellation
 Q - a potion of heal wounds
 S - 2 potions of invisibility
 T - a potion of agility
Books
 g - a book of Maledictions

   Spells                             Type                      Level
   a - Corona                         Hexes                        1
   b - Ensorcelled Hibernation        Hexes/Ice                    2
   c - Confuse                        Hexes                        3
   d - Tukima's Dance                 Hexes                        3
   e - Dazzling Spray                 Conjuration/Hexes            3
 m - a book of the Earth

   Spells                             Type                      Level
   a - Leda's Liquefaction            Hexes/Earth                  4
   b - Bolt of Magma                  Conjuration/Fire/Earth       5
   c - Statue Form                    Transmutation/Earth          6
   d - Iron Shot                      Conjuration/Earth            6
   e - Shatter                        Earth                        9
 v - a book of Misfortune

   Spells                             Type                      Level
   a - Confusing Touch                Hexes                        1
   b - Confuse                        Hexes                        3
   c - Gell's Gravitas                Hexes/Translocation          3
   d - Petrify                        Transmutation/Earth          4
   e - Metabolic Englaciation         Hexes/Ice                    5
   f - Yara's Violent Unravelling     Hexes/Transmutation          5
 E - a book of Battle

   Spells                             Type                      Level
   a - Infusion                       Charms                       1
   b - Shroud of Golubria             Charms/Translocation         2
   c - Song of Slaying                Charms                       2
   d - Spectral Weapon                Hexes/Charms                 3
   e - Regeneration                   Charms/Necromancy            3
 N - a book of Party Tricks

   Spells                             Type                      Level
   a - Summon Butterflies             Summoning                    1
   b - Apportation                    Translocation                1
   c - Lesser Beckoning               Translocation                3
   d - Tukima's Dance                 Hexes                        3
   e - Alistair's Intoxication        Transmutation/Poison         5
   f - Invisibility                   Hexes                        6
 O - a book of Power

   Spells                             Type                      Level
   a - Iskenderun's Battlesphere      Conjuration/Charms           5
   b - Venom Bolt                     Conjuration/Poison           5
   c - Bolt of Magma                  Conjuration/Fire/Earth       5
   d - Iron Shot                      Conjuration/Earth            6
   e - Orb of Destruction             Conjuration                  7
   f - Spellforged Servitor           Conjuration/Summoning        7
Comestibles
 f - 14 bread rations


   Skills:
 + Level 3.2 Fighting
 - Level 9.0 Long Blades
 - Level 2.0 Throwing
 - Level 23.1 Dodging


You had 10 spell levels left.
You knew the following spells:

 Your Spells              Type           Power        Failure   Level  Hunger
a - Apportation           Tloc           #.....       56%         1    ##.....


Dungeon Overview and Level Annotations

Branches:
Dungeon (12/15)            Temple (1/1) D:6            Lair (2/6) D:11
 Spider (0/4) Lair:2          Orc (1/2) D:9
  Swamp: Lair:2-4    Shoals: Lair:2-4

Altars:
Ashenzari
Cheibriados
Dithmenos
Elyvilon
Fedhas
Gozag
Hepliaklqana
Kikubaaqudgha
Makhleb
Nemelex Xobeh
Okawaru
Qazlal
Ru
Sif Muna
Trog
Uskayaw
Vehumet
Xom
Yredelemnul
Zin
The Shining One

Shops:
D:9 (   D:11 (   Orc:1 [

Annotations:
Orc:1 nht's ghost, journeyman FoFi


Innate Abilities, Weirdness & Mutations

You are very small and have problems with some larger weapons.
You are too small for most types of armour.
You have supernaturally acute eyesight. (SInv)
You are a herbivore.
You cover ground extremely quickly.
You need consume almost no food.
You are partially covered in rugged brown scales. (AC +1, +3% HP)
You are resistant to hostile enchantments. (MR+)
You are robust. (+10% HP)
Your muscles are strong. (Str +2)


Message History

The jumping spider completely misses you.
The jumping spider closely misses you. What are your orders? t - Shout!
Orders for allies: a - Attack new target. r - Retreat! s - Stop attacking. g - Guard the area. f - Follow me.
Anything else - Cancel.
Gang up on whom?
Press: ? - help, Dir - move target cursor, f - jumping spider
Aim: a jumping spider (lightly wounded) Attack!
The jumping spider leaps!
The jumping spider pounces on you!
* * * LOW HITPOINT WARNING * * *
The jumping spider bites you.
* * * LOW HITPOINT WARNING * * *
Your basilisk misses the jumping spider.
Your crocodile bites the jumping spider!
The jumping spider pounces on you!
You die...
Your body crumbles into a pile of gold.

..# #....# #..# #....#
.#.# #....# ...# #....#
...## ##....##
....#######......#####
.....................#
.........§.....slH...#
..........#..#.s@..(.##
..........####t####..^##
..........## ###
##§^.### ...........#
#.^^..# #P.##.....##
##^.^^## ####.....#
#..^^.# #......###
##^....# #........#
##..>.# #####..........
##...#


You could see 2 jumping spiders, a friendly hippogriff, a friendly basilisk and
a friendly crocodile.

Vanquished Creatures
  Harold (D:10)
  Fannar (D:11)
  Erica (D:11)
  3 two-headed ogres
  Urug (D:11)
  Sonja (D:11)
  Pikel (D:8)
  3 ugly things
  A cyclops (D:11)
  Joseph (D:7)
  A black mamba (Lair:1)
  A gargoyle (D:12)
  2 spiny frogs
  The ghost of hittemvvvhard the Shield-Bearer, a novice HaFi of Ru (D:4)
  2 komodo dragons (Lair:1)
  A rime drake (Lair:1)
  A jumping spider (Lair:2)
  2 trolls
  Prince Ribbit (D:8)
  2 hornets
  Grinder (D:3)
  A slime creature (D:11)
  4 hippogriffs
  4 yaks (Lair:1)
  2 wyverns
  2 wraiths (D:11)
  Grum (D:8)
  2 basilisks
  2 hungry ghosts
  Edmund (D:5)
  3 water moccasins
  6 porcupines
  3 ice beasts
  2 sky beasts
  9 orc warriors
  A black bear (D:11)
  An eye of draining (D:11)
  8 centaurs
  8 ogres
  3 wolves (D:8)
  A necrophage (D:11)
  9 crocodiles
  3 big kobolds
  8 bullfrogs
  2 wyvern zombies
  7 scorpions
  12 wights
  3 killer bees (D:10)
  A howler monkey (D:6)
  6 crimson imps
  A quasit (D:11)
  A bullfrog zombie (D:11)
  A centaur skeleton (D:9)
  6 orc priests
  5 hounds
  9 orc wizards
  3 jellies
  3 bullfrog skeletons
  Crazy Yiuf (D:7)
  Ijyb (D:3)
  7 worker ants
  4 iguanas
  3 worker ant zombies
  8 gnolls
  9 adders
  3 shadow imps
  An ooze (D:4)
  An adder zombie (D:3)
  2 worms
  4 dart slugs
  8 leopard geckos
  46 orcs
  A ball python (D:2)
  7 bats
  6 giant cockroaches
  9 goblins
  8 hobgoblins
  4 jackals
  3 quokkas (D:10)
  5 frilled lizards
  20 kobolds
  9 rats
  2 fungi (D:11)
345 creatures vanquished.

Vanquished Creatures (others)
  A slave (D:8)
  A quokka (D:8)
  7 fungi
9 creatures vanquished.

Grand Total: 354 creatures vanquished

Notes
Turn   | Place    | Note
-------+----------+-------------------------------------------
     0 | D:1      | Chiseanne the Spriggan Gladiator began the quest for the Orb.
     0 | D:1      | Reached XP level 1. HP: 10/10 MP: 2/2
    55 | D:1      | Reached skill level 5 in Dodging
   120 | D:1      | Reached XP level 2. HP: 14/14 MP: 3/3
   379 | D:1      | Reached skill level 6 in Dodging
   584 | D:1      | Reached XP level 3. HP: 14/18 MP: 4/4
  2084 | D:3      | Noticed Ijyb
  2100 | D:3      | Killed Ijyb
  2100 | D:3      | Reached skill level 7 in Dodging
  2100 | D:3      | Reached XP level 4. HP: 17/22 MP: 5/5
  2791 | D:3      | Noticed Grinder
  2796 | D:3      | Gained mutation: You are resistant to hostile enchantments. (MR+) [potion of mutation]
  2796 | D:3      | Gained mutation: Your muscles are strong. (Str +2) [potion of mutation]
  2796 | D:3      | Gained mutation: You are robust. (+10% HP) [potion of mutation]
  2796 | D:3      | Gained mutation: You are partially covered in rugged brown scales. (AC +1, +3% HP) [potion of mutation]
  2800 | D:3      | Killed Grinder
  2800 | D:3      | Reached skill level 9 in Dodging
  2800 | D:3      | Reached XP level 5. HP: 16/28 MP: 6/6
  2800 | D:3      | Reached XP level 6. HP: 18/33 MP: 7/7
  3071 | D:3      | Reached skill level 10 in Dodging
  4024 | D:4      | Noticed hittemvvvhard's ghost (novice HaFi)
  4292 | D:4      | Killed hittemvvvhard's ghost
  4292 | D:4      | Reached skill level 11 in Dodging
  4292 | D:4      | Reached XP level 7. HP: 10/37 MP: 8/8
  5035 | D:5      | Entered Level 5 of the Dungeon
  5064 | D:5      | Reached skill level 12 in Dodging
  5553 | D:5      | Reached skill level 13 in Dodging
  5620 | D:5      | Reached XP level 8. HP: 41/41 MP: 9/9
  5631 | D:5      | Noticed Edmund
  5704 | D:5      | Killed Edmund
  5801 | D:5      | Reached skill level 14 in Dodging
  5928 | D:5      | Learned a level 1 spell: Apportation
  7027 | D:5      | Reached skill level 15 in Dodging
  7219 | D:6      | Found an iron altar of Okawaru.
  7225 | D:6      | Found a white marble altar of Elyvilon.
  7342 | D:6      | Found a hide-covered altar of Uskayaw.
  7478 | D:6      | Reached skill level 16 in Dodging
  7485 | D:6      | Reached XP level 9. HP: 43/46 MP: 10/10
  7722 | D:6      | Found a staircase to the Ecumenical Temple.
  7732 | Temple   | Entered the Ecumenical Temple
  7794 | Temple   | Became a worshipper of Gozag Ym Sagoz the Greedy
  8056 | D:7      | Noticed Joseph
  8113 | D:7      | Killed Joseph
  8113 | D:7      | Reached skill level 17 in Dodging
  8138 | D:7      | Got a crude ruby amulet
  8407 | D:7      | Found a runed door.
  9278 | D:7      | Noticed Crazy Yiuf
  9280 | D:7      | Killed Crazy Yiuf
  9395 | D:8      | Got a twisted hand crossbow
  9591 | D:8      | Identified the +0 hand crossbow "Ojetir" {penet, MR+ Str+3 Dex+3} (You found it on level 8 of the Dungeon)
  9676 | D:8      | Noticed Pikel
  9699 | D:8      | Killed Pikel
  9699 | D:8      | Reached skill level 18 in Dodging
  9937 | D:8      | Found a shadowy altar of Dithmenos.
 10025 | D:8      | Noticed Grum
 10043 | D:8      | Killed Grum
 10382 | D:8      | Reached XP level 10. HP: 51/51 MP: 11/11
 10523 | D:8      | Identified the amulet "Pittifa" {Harm *Drain +Fly Int-5 Dex+2} (You found it on level 7 of the Dungeon)
 10559 | D:8      | Noticed Prince Ribbit
 10571 | D:8      | Reached skill level 19 in Dodging
 10578 | D:8      | Killed Prince Ribbit
 12060 | D:9      | Reached skill level 20 in Dodging
 13205 | D:9      | Found a staircase to the Orcish Mines.
 13238 | Orc:1    | Entered Level 1 of the Orcish Mines
 13238 | Orc:1    | Found Ygrot's Armour Boutique.
 13251 | Orc:1    | Noticed a two-headed ogre
 13277 | D:9      | Killed a two-headed ogre
 13277 | D:9      | Reached skill level 21 in Dodging
 13496 | Orc:1    | Noticed nht's ghost (journeyman FoFi)
 13504 | Orc:1    | Noticed an orc knight
 13529 | Orc:1    | Noticed an orc knight
 13735 | D:10     | Entered Level 10 of the Dungeon
 14617 | D:10     | Noticed Harold
 14646 | D:10     | Killed Harold
 14646 | D:10     | Reached XP level 11. HP: 39/55 MP: 12/12
 15183 | D:10     | Noticed a two-headed ogre
 15236 | D:10     | Killed a two-headed ogre
 15236 | D:10     | Reached skill level 22 in Dodging
 15623 | D:11     | Noticed a green ugly thing
 15629 | D:11     | Noticed Sonja
 15650 | D:11     | Killed Sonja
 15680 | D:11     | Noticed Erica
 15681 | D:11     | Noticed a cyan ugly thing
 15741 | D:11     | Noticed Urug
 15819 | D:11     | Killed a cyan ugly thing
 16130 | D:10     | Killed a cyan ugly thing
 16495 | D:11     | Killed Urug
 16495 | D:11     | Reached skill level 23 in Dodging
 17048 | D:11     | Killed Erica
 17950 | D:11     | Reached skill level 5 in Long Blades
 18020 | D:11     | Noticed Fannar
 18048 | D:11     | Killed Fannar
 18280 | D:11     | Found an ancient bone altar of Kikubaaqudgha.
 18304 | D:11     | Reached XP level 12. HP: 59/59 MP: 13/13
 18361 | D:11     | Found a staircase to the Lair.
 19154 | D:12     | Noticed a two-headed ogre
 19169 | D:12     | Killed a two-headed ogre
 19467 | Lair:1   | Entered Level 1 of the Lair of Beasts
 20711 | Lair:2   | Found a hole to the Spider Nest.
 21427 | Lair:2   | Mangled by a jumping spider

Vault maps used:
D:1:      lemuel_arrival_broad_hall, bh_walls_and_bars
D:2:      first_bread
D:3:      minmay_diamond_boxcup, serial_bayou, serial_bayou_pond_a,
          serial_bayou_pond_c, serial_bayou_ford_a, serial_bayou_pond_b,
          uniq_grinder, uniq_iyjb
D:4:      minmay_goblin_outpost
D:5:      uniq_edmund
D:6:      grunt_temple_overflow_open, eat_drink_and_be_merry_uskayaw,
          minmay_temple_entry_statues_pillars
D:7:      uniq_joseph, uniq_crazy_yiuf_cottage
D:8:      grunt_ogre_cave, grunt_dithmenos_smoke, uniq_prince_ribbit1,
          uniq_pikel, uniq_grum
D:9:      david_orc_4
D:10:     uniq_harold
D:11:     grunt_lair_entry_orc_guard_hut, basic_altar, uniq_urug, uniq_erica,
          uniq_fannar, uniq_sonja
D:12:     onia_ninara_cookie, uniq_kirke, uniq_snorg
Temple:   regret_index_temple_mists
Lair:2:   spider_nest_entry_funnel_web
Orc:1:    serial_shops, nicolae_shop_competitors_out_of_business, uniq_erolcha

Skill      XL: |  1  2  3  4  5  6  7  8  9 10 11 12 |
---------------+-------------------------------------+-----
Dodging        | 5 6 7 9 11 13 16 18 21 23 | 23.1
Long Blades    | 5 9 |  9.0
Fighting       | 3 |  3.2
Throwing       | |  2.0

Action                   |  1- 3 |  4- 6 |  7- 9 | 10-12 || total
-------------------------+-------+-------+-------+-------++-------
Melee: Long sword        |   122 |   122 |   171 |       ||   415
       Scimitar          |       |       |   187 |   400 ||   587
       Double sword      |       |       |       |   304 ||   304
 Fire: Blowgun           |       |       |    90 |   120 ||   210
       Hand crossbow     |       |       |     6 |    47 ||    53
Throw: Throwing net      |       |       |       |    11 ||    11
Invok: Call Merchant     |       |       |       |     2 ||     2
Evoke: Wand              |       |       |       |     5 ||     5
  Use: Scroll            |     6 |     3 |     7 |     8 ||    24
       Potion            |       |     5 |     3 |     8 ||    16
 Stab: Sleeping          |     1 |       |     4 |     8 ||    13
       Distracted        |       |       |       |     5 ||     5
       Held in net/web   |       |       |       |     2 ||     2
  Eat: Royal jelly       |       |     1 |       |     5 ||     6
       Bread ration      |       |       |     1 |       ||     1
       Fruit             |       |       |       |     4 ||     4
Armor: Robe              |     2 |     7 |    18 |    30 ||    57
       Skin              |       |       |    18 |       ||    18
Dodge: Dodged            |   132 |   145 |   456 |   997 ||  1730
       Rpst.: Long sword |    36 |    60 |    71 |       ||   167
       Scimitar          |       |       |    61 |   202 ||   263
       Double sword      |       |       |       |   110 ||   110
